 Dungeon Crawl Stone Soup version 0.32-a0-818-gb728d0252e (webtiles) character file.

Game seed: 17612675565575439660

8880 Finalfun the Severer (level 11, -7/79 HPs)
             Began as a Coglin Gladiator on Mar 23, 2024.
             Was an Initiate of Gozag.
             Killed from afar by an oklob plant (31 damage)
             ... with a splash of acid
             ... on level 10 of the Dungeon on Mar 24, 2024.
             The game lasted 00:19:50 (9787 turns).

Finalfun the Severer (Coglin Gladiator)             Turns: 9787, Time: 00:19:51

Health: -7/79      AC:  6    Str: 18    XL:     11   Next: 37%
Magic:  11/11      EV:  5    Int:  9    God:    Gozag
Gold:   964        SH:  0    Dex: 15    Spells: 10/10 levels left

rFire   . . .        a - +0 war axe {Dagmar}
rCold   . . .        p - +0 war axe {Jabu}
rNeg    . . .        v - +0 plate armour
rPois   .            g - +1 hat {SInv}
rElec   .            t - +0 cloak
rCorr   .            (no gloves)
SInv    +            A - +0 pair of boots {rampage}
Will    .....        (amulet unavailable) Stlth
                     (ring unavailable)
HPRegen 0.33/turn    (ring unavailable)
MPRegen 0.12/turn    (no gizmo)

%: rampage
@: corroded, studying Short Blades, revving
A: off-hand wielding, slow wielding, warmup strikes, no jewellery
a: Invent Gizmo, Renounce Religion, Potion Petition, Call Merchant, Bribe Branch


You were on level 10 of the Dungeon.
You worshipped Gozag.
Gozag was pleased with you.
You visited 2 branches of the dungeon, and saw 11 of its levels.

You collected 1672 gold pieces.
You spent 377 gold pieces at shops.
You paid 331 gold pieces to Gozag.

Inventory:

Hand Weapons
 a - a +0 war axe (weapon) {Dagmar}
 p - a +0 war axe (offhand) {Jabu}
Missiles
 d - a throwing net
 e - 3 javelins (quivered)
 i - 60 stones
 s - 4 atropa-tipped darts
 F - 4 poisoned darts
Armour
 g - a +1 hat of see invisible (worn)
 t - a +0 cloak (worn)
 v - a +0 plate armour (worn)
 A - a +0 pair of boots of rampaging (worn)
Wands
 o - a wand of flame (22)
 y - a wand of polymorph (9)
 D - a wand of paralysis (20)
Scrolls
 c - a scroll of amnesia {unknown}
 h - 2 scrolls of enchant weapon
 k - 4 scrolls of immolation
 m - a scroll of brand weapon {unknown}
 q - 3 scrolls of poison {unknown}
 r - a scroll of summoning {unknown}
 u - a scroll of noise {unknown}
 w - 2 scrolls of fog {unknown}
 B - a scroll of enchant armour {unknown}
 C - a scroll of revelation {unknown}
 G - a scroll of teleportation {unknown}
 H - a scroll of silence {unknown}
 I - a scroll of torment {unknown}
Potions
 b - 4 potions of brilliance
 f - 2 potions of attraction {unknown}
 j - a potion of enlightenment {unknown}
 l - 3 potions of invisibility
 n - a potion of ambrosia
 x - 2 potions of haste
 z - a potion of magic {unknown}
 E - a potion of lignification {unknown}


   Skills:
 - Level 5.0 Fighting
 - Level 2.6 Short Blades
 - Level 16.0 Axes
 - Level 1.7 Throwing
 + Level 2.6 Armour
 + Level 3.3 Dodging
 - Level 0.5 Stealth


You had 10 spell levels left.
You didn't know any spells.
Your spell library contained the following spells:

 Spells                   Type           Power      Damage    Failure   Level
 Kiss of Death            Conj/Necr      0%         2d5       100%        1
 Necrotise                Necr           0%         1d4       100%        1
 Sandblast                Erth           0%         2d4       100%        1
 Ensorcelled Hibernation  Hex/Ice        0%         N/A       100%        2
 Jinxbite                 Hex            0%         N/A       100%        2
 Call Canine Familiar     Summ           0%         N/A       100%        3
 Confusing Touch          Hex            0%         N/A       100%        3
 Passwall                 Erth           0%         N/A       100%        3
 Sigil of Binding         Hex            0%         N/A       100%        3
 Stone Arrow              Conj/Erth      0%         3d7       100%        3
 Swiftness                Air            0%         N/A       100%        3
 Vampiric Draining        Necr           0%         2d6       100%        3
 Brom's Barrelling Bould  Conj/Erth      0%         2d3       100%        4
 Dimensional Bullseye     Hex/Tloc       0%         N/A       100%        4
 Dispel Undead            Necr           0%         3d6       100%        4
 Martyr's Knell           Necr/Summ      0%         N/A       100%        4
 Curse of Agony           Necr           0%         N/A       100%        5
 Fireball                 Conj/Fire      0%         3d3       100%        5
 Iskenderun's Battlesphe  Conj           0%         2d6       100%        5
 Yara's Violent Unravell  Hex/Alch       0%         3d3       100%        5
 Conjure Ball Lightning   Conj/Air       0%         3x3d6     100%        6
 Enfeeble                 Hex            0%         N/A       100%        7
 Orb of Destruction       Conj           0%         9d5       100%        7


Dungeon Overview and Level Annotations

Branches:
Dungeon (10/15)            Temple (1/1) D:4            Lair (0/5) D:10
    Orc: D:9-12

Altars:
Ashenzari
Cheibriados
Dithmenos
Elyvilon
Gozag
Hepliaklqana
Kikubaaqudgha
Makhleb
Nemelex Xobeh
Okawaru
Qazlal
Ru
Sif Muna
Trog
Uskayaw
Vehumet
Wu Jian
Xom
Zin
The Shining One

Shops:
D:5 [

Annotations:
D:9 Joseph
D:10 exclusion: oklob plant


Innate Abilities, Weirdness & Mutations

You can wield a second weapon in your off-hand.
It takes a long time for you to wield or remove held weapons.
Your first few attacks do less damage.
You cannot equip rings or amulets.


Message History

You hit the plant with your +0 war axe.
You slash the plant with your +0 war axe!
You hit the plant with your +0 war axe. x3; A nearby plant withers and dies. x5
A nearby plant withers and dies.
The oklob plant spits acid at you. The splash of acid hits you!!
The acid corrodes you!
You hit the oklob plant with your +0 war axe.
The oklob plant is lightly damaged.
You hit the plant with your +0 war axe.
The plant begins to die.
You hit the plant with your +0 war axe.
The plant begins to die.
You completely miss the oklob plant with your +0 war axe.
You hit the plant with your +0 war axe.
You slash the plant with your +0 war axe!
The oklob plant spits acid at you. The splash of acid hits you!!
The acid corrodes you!
You hit the oklob plant with your +0 war axe.
The oklob plant is lightly damaged.
You slash the plant with your +0 war axe!
You hit the plant but do no damage.
You hit the oklob plant but do no damage.
You hit the plant but do no damage. You hit the plant with your +0 war axe.
Unknown command.
You hit the oklob plant with your +0 war axe.
The oklob plant is moderately damaged.
You hit the plant with your +0 war axe. You hit the plant but do no damage.
You hit the oklob plant with your +0 war axe.
You slash the plant with your +0 war axe!
You hit the plant with your +0 war axe. The oklob plant spits acid at you.
The splash of acid hits you!
You slash the oklob plant with your +0 war axe!
The oklob plant is moderately damaged.
You hit the plant but do no damage. You hit the plant with your +0 war axe.
You hit the oklob plant but do no damage.
You hit the plant but do no damage.
You slash the plant with your +0 war axe!
The oklob plant spits acid at you. The splash of acid hits you!!
You die...
Your body crumbles into a pile of gold.

#........###........ #..
#........###..###### # #..
#..>..........#######.#
#..
#...###...............#
#..
#........#######...####
#### +..
....#...≈...#....######...
......#...#......##...#...
.....##.PP##..........#.#
# #.....@P..#........'.#
#≈...>...≈#........#.##
#......P..#.#+##...#...
....##..P##......#...#...
.....#...#.......#...#...
.. #...≈...#.....#...#...
....#######......#...#...
###..............#####...
##########.....#########


You could see an oklob plant.

Vanquished Creatures
  Gastronok (D:9)
  A manticore (D:10)
  Jeremiah (D:7)
  Sigmund (D:2)
  A shadow (D:10)
  14 yaks
  A steam dragon (D:7)
  A wyvern (D:8)
  A water moccasin (D:7)
  Duvessa (D:6)
  4 black bears
  2 orc warriors
  2 sky beasts
  2 ice beasts
  4 ogres
  3 centaurs
  2 phantoms (D:6)
  A gnoll sergeant (D:5)
  4 bullfrogs
  3 scorpions
  Dowan (D:6)
  15 wights
  A howler monkey (D:10)
  A bombardier beetle (D:6)
  4 jellies
  4 hounds
  4 orc priests
  Natasha (thrice) (D:2)
  4 iguanas
  Ijyb (D:3)
  3 sleepcaps
  11 orc wizards
  8 gnolls
  11 adders
  2 white imps (D:6)
  6 dart slugs
  2 ribbon worms (D:2)
  49 orcs
  14 ball pythons
  4 bats
  7 endoplasms
  A giant cockroach (D:2)
  12 goblins
  13 hobgoblins
  3 jackals (D:1)
  4 kobolds
  2 quokkas
  5 frilled lizards
  6 rats
  A butterfly (D:4)
252 creatures vanquished.

Notes
Turn   | Place    | Note
-------+----------+-------------------------------------------
     0 | D:1      | Finalfun the Coglin Gladiator began the quest for the Orb.
     0 | D:1      | Reached XP level 1. HP: 16/16 MP: 1/1
    46 | D:1      | Reached XP level 2. HP: 22/23 MP: 2/2
   178 | D:1      | Reached XP level 3. HP: 28/28 MP: 3/3
   557 | D:2      | Noticed Natasha
   564 | D:2      | Killed Natasha
   565 | D:2      | Reached skill level 1 in Short Blades
   565 | D:2      | Reached skill level 1 in Armour
   565 | D:2      | Reached XP level 4. HP: 24/35 MP: 4/4
   721 | D:2      | Noticed Sigmund
   744 | D:2      | Killed Sigmund
   745 | D:2      | Reached XP level 5. HP: 29/42 MP: 5/5
   745 | D:2      | Reached XP level 6. HP: 33/48 MP: 6/6
  1184 | D:2      | Noticed Natasha
  1191 | D:2      | Killed Natasha
  1437 | D:2      | Noticed Natasha
  1444 | D:2      | Killed Natasha
  1665 | D:3      | Found a faded altar of an unknown god.
  1893 | D:3      | Noticed Ijyb
  1904 | D:3      | Killed Ijyb
  2076 | D:3      | Reached XP level 7. HP: 55/55 MP: 7/7
  2084 | D:3      | Reached skill level 5 in Fighting
  2084 | D:3      | Reached skill level 4 in Axes
  2236 | D:3      | Found a burning altar of Makhleb.
  2239 | D:3      | Noticed an Executioner
  2623 | D:4      | Found a staircase to the Ecumenical Temple.
  2648 | Temple   | Entered the Ecumenical Temple
  2664 | Temple   | Became a worshipper of Gozag Ym Sagoz the Greedy
  2921 | D:4      | Reached skill level 5 in Axes
  3154 | D:4      | Reached skill level 6 in Axes
  3461 | D:4      | Found a sparkling altar of Nemelex Xobeh.
  3680 | D:4      | Reached XP level 8. HP: 61/62 MP: 8/8
  3805 | D:5      | Entered Level 5 of the Dungeon
  3863 | D:5      | Found Qiring Qablo's Antique Armour Boutique.
  3868 | D:5      | Reached skill level 7 in Axes
  3875 | D:5      | Bought a translucent leather armour for 182 gold pieces
  3875 | D:5      | Identified the +2 leather armour of the Unicorn {Regen+
                  | MP+9 SInv} (You bought it in a shop on level 5 of the
                  | Dungeon)
  3896 | D:5      | Bought a pair of glowing boots for 195 gold pieces
  4186 | D:5      | Reached skill level 8 in Axes
  4610 | D:5      | Found a white marble altar of Elyvilon.
  4619 | D:5      | Found a shadowy altar of Dithmenos.
  4736 | D:6      | Reached skill level 9 in Axes
  4823 | D:6      | Found a bloodstained altar of Trog.
  4851 | D:6      | Reached XP level 9. HP: 57/68 MP: 9/9
  4988 | D:6      | Noticed Duvessa
  4989 | D:6      | Noticed Dowan
  4996 | D:6      | Killed Duvessa
  4997 | D:6      | Killed Dowan
  4998 | D:6      | Reached skill level 10 in Axes
  5429 | D:6      | Reached skill level 11 in Axes
  5629 | D:6      | Found a stormy altar of Qazlal.
  6064 | D:7      | Noticed Jeremiah
  6075 | D:7      | Reached skill level 12 in Axes
  6110 | D:7      | Paralysed by Jeremiah for 3 turns
  6117 | D:7      | Killed Jeremiah
  6118 | D:7      | Reached XP level 10. HP: 27/73 MP: 10/10
  6578 | D:7      | Reached skill level 13 in Axes
  8240 | D:9      | Noticed Gastronok
  8250 | D:9      | Killed Gastronok
  8251 | D:9      | Reached skill level 14 in Axes
  8312 | D:9      | Noticed a two-headed ogre
  8338 | D:9      | Noticed Joseph
  8566 | D:9      | Reached skill level 15 in Axes
  8566 | D:9      | Reached XP level 11. HP: 71/79 MP: 11/11
  8827 | D:9      | Noticed a two-headed ogre
  8905 | D:10     | Entered Level 10 of the Dungeon
  8930 | D:10     | Noticed a manticore
  8944 | D:10     | Killed a manticore
  9146 | D:10     | Found a staircase to the Lair.
  9665 | D:10     | Reached skill level 16 in Axes
  9764 | D:10     | Noticed an oklob plant
  9787 | D:10     | Killed from afar by an oklob plant

Illustrated notes

Levels and vault maps discovered:
D:1:      dpeg_arrival_solitude, layout_rooms, serial_glass, glass_columns_a,
          glass_columns_b, glass_columns_a, glass_columns_a, glass_columns_b
D:2:      layout_basic, uniq_natasha, uniq_sigmund
D:3:      minmay_recursive_quarters, layout_basic, makhleb_altar_promises_db,
          dreamdust_ecumenical_altar_statues, uniq_ijyb
D:4:      layout_cave_pools, nemelex_dance_club_becter,
          minmay_temple_entry_butterflies, st_stairs_4, corexii_checkpoint,
          minmay_puff
D:5:      layout_cave_pools, mainiacjoe_overflow_divided_tiny, serial_shops,
          nicolae_shop_trees
D:6:      minmay_octagon_keep, layout_gridville, trog_three_pillars_becter,
          nicolae_qazlal_scattered_showers, uniq_duvessa
D:7:      layout_loops_corners, nicolae_hexahallways, uniq_jeremiah
D:8:      layout_loops_corners
D:9:      erik_cavepeople, layout_basic, old_standard_altar, uniq_pikel,
          uniq_gastronok, uniq_maurice, uniq_joseph
D:10:     layout_stronghold, kennysheep_mini_moat, dpeg_oklobed_lair
Temple:   nicolae_temple_ecumenical_triangle

Skill      XL: |  1  2  3  4  5  6  7  8  9 10 11 |
---------------+----------------------------------+-----
Dodging        | 3 |  3.3
Fighting       | 3 4 5 |  5.0
Short Blades   | 1 2 |  2.6
Armour         | 1 2 |  2.6
Axes           | 6 9 12 15 16 | 16.0
Throwing       | |  1.7
Stealth        | |  0.5

Action                     |  1- 3 |  4- 6 |  7- 9 | 10-12 || total
---------------------------+-------+-------+-------+-------++-------
  Melee: War axe           |    56 |   111 |   513 |   372 ||  1052
         Dagger            |    49 |    64 |       |       ||   113
         Hand axe          |       |    18 |       |       ||    18
  Throw: Throwing net      |       |     3 |     2 |       ||     5
         Stone             |       |       |     2 |     1 ||     3
         Dart              |       |       |       |     4 ||     4
         Javelin           |       |       |       |     2 ||     2
 Invoke: Potion Petition   |       |       |     1 |       ||     1
    Use: Potion            |       |       |     4 |     3 ||     7
         Scroll            |       |       |       |     8 ||     8
   Stab: Sleeping          |     1 |       |       |       ||     1
         Held in net/web   |       |       |     1 |       ||     1
         Distracted        |       |       |     1 |     1 ||     2
 Armour: Leather armour    |    28 |    18 |       |       ||    46
         Chain mail        |       |    70 |    57 |       ||   127
         Plate armour      |       |       |   215 |   158 ||   373
  Dodge: Dodged            |    34 |    62 |    55 |    35 ||   186

Table legend: (Time is in decaauts)
 A = Elapsed time spent in this place.
 B = Non-inter-level travel time spent in this place.
 C = Inter-level travel time spent in this place.
 D = Time resting spent in this place.
 E = Time spent auto-exploring this place.
 F = Levels seen in this place.
 G = Mean time per level.
                   A        B        C        D        E       F      G
               +--------+--------+--------+--------+--------+-----+--------+
         Total |   9816 |   9302 |    514 |   1854 |   5821 |  11 |  892.4 |
       Dungeon |   9788 |   9294 |    494 |   1854 |   5821 |  10 |  978.8 |
        Temple |     27 |      7 |     20 |      0 |      0 |   1 |   27.0 |
               +--------+--------+--------+--------+--------+-----+--------+

Top non-repeatable levels by time:
     D:7: 1405 daAuts
     D:8: 1369 daAuts
     D:6: 1253 daAuts
     D:4: 1169 daAuts
     D:3: 1100 daAuts
     D:2: 1050 daAuts
     D:5: 912 daAuts
    D:10: 859 daAuts
     D:1: 511 daAuts
     D:9: 158 daAuts
  Temple: 27 daAuts
